 Dungeon Crawl Stone Soup version 0.23-b1-6-ga921848b48 (webtiles) character file.

Game seed: 12332108860872622785

18 Oravi the Slasher (level 2, -3/26 HPs)
             Began as a Naga Warper on Feb 2, 2019.
             Slain by an adder (4 damage)
             ... on level 2 of the Dungeon.
             The game lasted 00:03:55 (1022 turns).

Oravi the Slasher (Naga Warper)                     Turns: 1022, Time: 00:03:56

Health: -3/26      AC:  2    Str: 18    XL:     2   Next: 70%
Magic:  5/5        EV:  9    Int: 13    God:
Gold:   30         SH:  0    Dex: 10    Spells: 5/5 levels left

rFire    . . .     SeeInvis +   a - +0 falchion
rCold    . . .     Gourm    .   (no shield)
rNeg     . . .     Faith    .   c - +0 leather armour
rPois    +         Spirit   .   (no helmet)
rElec    .         Reflect  .   (no cloak)
rCorr    .         Harm     .   (no gloves)
MR       .....                  (no barding)
Stlth    +.........             (no amulet)
HPRegen  0.08/turn              (no ring)
MPRegen  0.09/turn              (no ring)

@: mighty, lethally poisoned (-3 -> -5), flying, very slow
A: large, see invisible, deformed body, poison resistance, slowness 2, slow
metabolism 1, spit poison 1, AC +0
a: Spit Poison


You were on level 2 of the Dungeon.
You were not hungry.

You visited 1 branch of the dungeon, and saw 2 of its levels.

You collected 30 gold pieces.

Inventory:

Hand Weapons
 a - a +0 falchion (weapon)
 b - a +0 hunting sling
Missiles
 e - 5 tomahawks of dispersal (quivered)
 g - 46 sling bullets
 k - 3 stones
Armour
 c - a +0 leather armour (worn)
 h - a +0 scale mail
Scrolls
 d - a scroll of blinking
 i - 2 scrolls of identify {unknown}
 j - a scroll of amnesia {unknown}
Comestibles
 f - 3 rations


   Skills:
 - Level 2.0 Fighting
 + Level 3.2 Long Blades
 - Level 0.8 Throwing
 - Level 0.7 Armour
 - Level 1.5 Dodging
 - Level 2.0 Spellcasting
   Level 3.0 Translocations


You had 5 spell levels left.
You didn't know any spells.
Your spell library contained the following spells:

 Spells                   Type           Power        Failure   Level  Hunger
 Blink                    Tloc           N/A          13%         2    ###....
 Shroud of Golubria       Chrm/Tloc      #.........   24%         2    ###....
 Gell's Gravitas          Tloc           #.........   26%         3    ####...
 Lesser Beckoning         Tloc           #.........   26%         3    ####...
 Teleport Other           Tloc           #.......     26%         3    ####...
 Passage of Golubria      Tloc           N/A          65%         4    #####..


Dungeon Overview and Level Annotations

Branches:
Dungeon (2/15)

Altars:


Innate Abilities, Weirdness & Mutations

You cannot wear boots.
Your serpentine skin is tough. (AC +0)
You have supernaturally acute eyesight. (SInv)
Armour fits poorly on your strangely shaped body.
Your system is resistant to poisons. (rPois)
You cover ground very slowly.
You have a slow metabolism.
You can spit poison.


Message History

You closely miss the adder.
The adder is lightly wounded.
The adder barely misses you.
You riposte.
You hit the adder but do no damage.
The adder is lightly wounded.
It was a potion of might.
You feel very mighty all of a sudden. The adder barely misses you.
The adder bites you but does no damage.
Your leather armour prevents you from hitting the adder.
The adder is lightly wounded.
The adder bites you.
* * * LOW HITPOINT WARNING * * *
You barely miss the adder.
The adder is lightly wounded.
You feel sick. The adder bites you.
* * * LOW HITPOINT WARNING * * *
The adder bites you but does no damage.
It was a potion of flight.
You feel very buoyant.
You fly up into the air.
The adder bites you.
You die...

..>......#.####
##########....#####
####.#...
#.#.#######
#.........#
###.#####.#
####.......#
#.....######
#.###@# #...S.#
#######


You could see an adder.

Vanquished Creatures
  An ooze (D:2)
  A worm (D:2)
  A giant cockroach (D:1)
  2 kobolds (D:1)
  5 goblins (D:1)
  2 rats (D:1)
12 creatures vanquished.

Notes
Turn   | Place    | Note
-------+----------+-------------------------------------------
     0 | D:1      | Oravi the Naga Warper began the quest for the Orb.
     0 | D:1      | Reached XP level 1. HP: 19/19 MP: 3/3
   268 | D:1      | Reached XP level 2. HP: 26/26 MP: 5/5
   572 | D:2      | Noticed a crimson imp
  1021 | D:2      | HP: 1/26 [adder (2)]
  1022 | D:2      | Slain by an adder

Skill      XL: |  1  2 |
---------------+-------+-----
Long Blades    | 3 |  3.2
Fighting       | |  2.0
Throwing       | |  0.8
Armour         | |  0.7
Dodging        | |  1.5
Spellcasting   | |  2.0
Translocations | |  3.0

Action                   || total
-------------------------++-------
Melee: Falchion          ||    33
 Fire: Hunting sling     ||    25
 Abil: Spit Poison       ||     5
  Use: Potion            ||     3
Armor: Leather armour    ||    10
Dodge: Dodged            ||     9
       Rpst.: Falchion   ||     3
